 Dungeon Crawl Stone Soup version 0.30-a0-12-gd8047c6341 (webtiles) character file.

Game seed: 2014920663229277620

9 fingers the Chopper (level 2, -1/27 HPs)
             Began as a Hill Orc Monk on Aug 23, 2022.
             Was a Believer of Okawaru.
             Frozen to death by an endoplasm (4 damage)
             ... on level 1 of the Dungeon.
             The game lasted 00:01:03 (522 turns).

fingers the Chopper (Hill Orc Monk)                  Turns: 522, Time: 00:01:03

Health: -1/27      AC:  2    Str: 13    XL:     2   Next: 12%
Magic:  2/2        EV: 12    Int: 10    God:    Okawaru [**....]
Gold:   23         SH:  0    Dex: 13    Spells: 1/1 levels left

rFire   . . .      SeeInvis .    a - +0 hand axe
rCold   . . .      Faith    .    (no shield)
rNeg    . . .      Spirit   .    b - +0 robe
rPois   .          Reflect  .    (no helmet)
rElec   .          Harm     .    (no cloak)
rCorr   .          Rampage  .    (no gloves)
Will    .....                    (no boots)
Stlth   ++........               (no amulet)
HPRegen 0.09/turn                (no ring)
MPRegen 0.08/turn                (no ring)

@: no status effects
A: no striking features
a: Renounce Religion, Heroism


You were on level 1 of the Dungeon.
You worshipped Okawaru.
Okawaru was pleased with you.
You visited 1 branch of the dungeon, and saw 1 of its levels.

You collected 23 gold pieces.

Inventory:

Hand Weapons
 a - a +0 hand axe (weapon)
 e - a +0 spear of venom
Armour
 b - a +0 robe (worn)
Scrolls
 f - a scroll of teleportation {unknown}
 g - a scroll of brand weapon {unknown}
 h - a scroll of magic mapping {unknown}
Potions
 c - a potion of ambrosia
 d - a potion of attraction {unknown}


   Skills:
 + Level 3.8 Fighting
 + Level 4.2 Axes
 + Level 2.5 Dodging
 + Level 1.8 Stealth


You had one spell level left.
You didn't know any spells.
Your spell library was empty.

Dungeon Overview and Level Annotations

Branches:
Dungeon (1/15)

Altars:
Okawaru


Message History

You barely miss the ball python. The ball python closely misses you.
The ball python misses you.
You hit the ball python.
You kill the ball python!
Okawaru accepts your kill.
You see here a +2 hand axe of flaming.
You see here a +0 dagger.
An endoplasm comes into view.
The endoplasm quivers.
The endoplasm freezes you.
You are frozen.
The endoplasm freezes you.
You are frozen.
The endoplasm completely misses you. The endoplasm barely misses you.
The endoplasm misses you. The endoplasm barely misses you.
The endoplasm barely misses you. The endoplasm freezes you.
You are frozen.
The endoplasm barely misses you. The endoplasm freezes you.
You are frozen.
The endoplasm freezes you.
You are frozen.
The endoplasm freezes you.
You are frozen.
The endoplasm freezes you.
You are frozen.
* * * LOW HITPOINT WARNING * * *
The endoplasm hits you.
* * * LOW HITPOINT WARNING * * *
The endoplasm hits you but does no damage.
The endoplasm barely misses you. The endoplasm freezes you.
You are frozen.
* * * LOW HITPOINT WARNING * * *
The endoplasm freezes you.
You are frozen.
You die...

#..........######.## ##.##
#...##..#### ##.###.##
#.#.....# #...#...# #..#.#.#
#.##.##.# #..#.#.#####
#.##.##.###
###..........#####.........#
####..∩...#####.....#...##....#
........_....##J....#...##....#
......⌠.........@...#.........#
.....(###.##.##.....##..#.##..#
####................##..#.##..#
####.#....#########........#
#...#### ####.#####
##)########## #.# #.##.......#
#.# #.##.#####.#### #.# #
#.##.##.......# #.#


You could see an endoplasm.

Vanquished Creatures
  A ball python (D:1)
  2 hobgoblins (D:1)
  A quokka (D:1)
  A bat (D:1)
  2 kobolds (D:1)
  A rat (D:1)
8 creatures vanquished.

Notes
Turn   | Place    | Note
-------+----------+-------------------------------------------
     0 | D:1      | fingers the Hill Orc Monk began the quest for the Orb.
     0 | D:1      | Reached XP level 1. HP: 19/19 MP: 1/1
   348 | D:1      | Found a faded altar of an unknown god.
   358 | D:1      | Prayed at the altar of an unknown god.
   358 | D:1      | Became a worshipper of Warmaster Okawaru
   358 | D:1      | Reached * piety under Okawaru
   358 | D:1      | Reached ** piety under Okawaru
   374 | D:1      | Reached XP level 2. HP: 27/27 MP: 2/2
   522 | D:1      | Frozen to death by an endoplasm

Illustrated notes

Levels and vault maps discovered:
D:1:      amcnicky_arrival_flooded_fountain, layout_loops_cross,
          ebering_ecumenical_altar_abandoned

Action                   || total
-------------------------++-------
Melee: Hand axe          ||    24
Armor: Robe              ||     7
Dodge: Dodged            ||    39

Table legend: (Time is in decaauts)
 A = Elapsed time spent in this place.
 B = Non-inter-level travel time spent in this place.
 C = Inter-level travel time spent in this place.
 D = Time resting spent in this place.
 E = Time spent auto-exploring this place.
 F = Levels seen in this place.
 G = Mean time per level.
                   A        B        C        D        E       F      G
               +--------+--------+--------+--------+--------+-----+--------+
         Total |    524 |    524 |      0 |    195 |    183 |   1 |  524.0 |
       Dungeon |    524 |    524 |      0 |    195 |    183 |   1 |  524.0 |
               +--------+--------+--------+--------+--------+-----+--------+

Top non-repeatable levels by time:
     D:1: 524 daAuts
